Description

A copy of my own of maru 2-1-1 so I can use

VOD

https://www.youtube.com/watch?v=LqA9InMoqJQ

Replay - Learn From Pros 8 - Maru 2-1-1

Build Order

Get SALT Encoding   

  12  0:00  SCV  
  13  0:12  SCV  
  14  0:16  Supply Depot  
  14  0:24  SCV  
  15  0:38  SCV  
  15  0:40  Barracks  
  16  0:43  Refinery  
  16  0:50  SCV  
  17  1:02  SCV  
  18  1:14  SCV  
  19  1:27  Orbital Command, Reaper  
  20  1:42  Command Center  
  20  1:53  SCV  
  21  1:54  Supply Depot  
  21  2:00  Reaper  
  22  2:05  SCV  
  23  2:09  Barracks  
  23  2:15  Bunker  
  23  2:19  SCV  
  24  2:30  Factory  
  24  2:31  Marine  
  26  2:38  Refinery  
  26  2:50  Barracks Reactor  
  27  2:53  Orbital Command  
  27  2:56  Barracks Tech Lab  
  29  3:14  Marine, Stimpack, Hellion  
  33  3:26  Supply Depot  
  34  3:27  Marine x2  
  34  3:32  Marine  
  38  3:38  Starport  
  39  3:41  Factory Reactor  
  39  3:47  Marine x3  
  42  3:54  Supply Depot  
  45  4:05  Marine x2  
  53  4:26  Medivac x2  
  60  4:33  Supply Depot  
  60  4:34  Refinery  
  60  4:35  Factory Tech Lab  
  61  4:43  Engineering Bay  
  62  4:56  Siege Tank  
  69  5:05  Combat Shield  
  70  5:12  Barracks  
  73  5:16  Terran Infantry Weapons Level 1  
  74  5:21  Starport Reactor  
  74  5:25  Refinery  
  78  5:37  Siege Tank  
  73  5:52  Command Center  
  74  5:58  Medivac x2  
  83  6:16  Siege Tank  
  83  6:17  Barracks x2  
  89  6:29  Missile Turret  
  91  6:37  Medivac x2  
  87  7:02  Siege Tank  
  101  7:33  Medivac x2  
Spawning Tool Build Advisor. Get it on Overwolf

Go to:

Details

  • Created by: Vain
  • Published on: Jul 06, 2024
  • Modified on: Jul 06, 2024
  • Patch: 5.0.11
  • Difficulty: Medium
Show
View Real Time Build Order
Export as new Build Order

Comments (0)

There are no comments. Be the first!

Create an account to comment!